 Dungeon Crawl Stone Soup version 0.21.1-1-g345015fe64 (webtiles) character file.

143 Oravi the Changer (level 5, -1/37 HPs)
             Began as a Merfolk Transmuter on May 2, 2018.
             Killed by divine providence
             ... invoked by an orc priest
              (12 damage)
             ... on level 3 of the Dungeon.
             The game lasted 00:06:18 (1970 turns).

Oravi the Changer (Merfolk Transmuter)              Turns: 1970, Time: 00:06:18

Health: -1/37      AC:  3    Str: 10    XL:     5   Next: 25%
Magic:  6/8        EV: 13    Int: 14    God:
Gold:   74         SH:  0    Dex: 14    Spells: 2/8 levels left

rFire    . . .     SeeInvis .     - Unarmed
rCold    . . .     Gourm    .   (no shield)
rNeg     . . .     Faith    .   b - +1 robe
rPois    .         Spirit   .   (no helmet)
rElec    .         Reflect  .   (no cloak)
rCorr    .         Harm     .   (no gloves)
MR       .....                  (no boots)
Stlth    +.........             (no amulet)
HPRegen  0.12/turn              (no ring)
MPRegen  0.11/turn              (no ring)

@: no status effects
A: change form in water, swift swim, stealthy swim
a: no special abilities


You were on level 3 of the Dungeon.
You were not hungry.

You visited 1 branch of the dungeon, and saw 3 of its levels.

You collected 74 gold pieces.

Inventory:

Missiles
 a - 82 arrows
 n - 14 stones (quivered)
Armour
 b - a +1 robe (worn)
Jewellery
 m - an uncursed amulet of faith
Scrolls
 f - a scroll of random uselessness {unknown}
 h - 3 scrolls of identify
 j - a scroll of teleportation
Potions
 g - a potion of heal wounds
 i - a potion of haste
Books
 c - a book of Changes

   Spells                             Type                      Level
   a - Beastly Appendage              Transmutation                1
   b - Sticks to Snakes               Transmutation                2
   c - Spider Form                    Transmutation/Poison         3
   d - Ice Form                       Ice/Transmutation            4
   e - Blade Hands                    Transmutation                5
Comestibles
 d - 6 rations
 k - 4 chunks of flesh


   Skills:
 - Level 1.1 Fighting
 - Level 2.6 Dodging
 + Level 4.7 Unarmed Combat
 - Level 2.0 Spellcasting
 + Level 4.8 Transmutations
 + Level 2.1 Poison Magic


You had 2 spell levels left.
You knew the following spells:

 Your Spells              Type           Power        Failure   Level  Hunger
a - Beastly Appendage     Tmut           ###...       3%          1    ##.....
b - Sticks to Snakes      Tmut           ###.....     4%          2    ###....
c - Spider Form           Tmut/Pois      ##........   17%         3    ####...


Dungeon Overview and Level Annotations

Branches:
Dungeon (3/15)

Altars:
Trog


Message History

There is an open door here.
You bite the orc!
You kill the orc!
The orc priest hits you from afar with a trident.
You are too injured to fight recklessly!
You are too injured to fight recklessly!
You are too injured to fight recklessly!
Your transformation has ended.
Your +1 robe unmelds from your body.
The orc priest closely misses you.
Things that are here:
a short sword; a war axe; a robe You hit the orc priest.
The orc priest is lightly wounded.
The orc priest hits you with a trident.
* * * LOW HITPOINT WARNING * * *
You hit the orc priest.
The orc priest is moderately wounded.
The orc priest mumbles some strange prayers to Beogh against you.
Beogh smites you!
You die...

##.## #.# #.# ##)##
##...## ##.....## #
##.......## .##
.####........)####...###
.....'........['@oo....(.
..####.........###...<#.#
##.......## ...##
##.....## .### ##...## o#
##'## (. #.# .# #.# (#
#.#


You could see 2 orc priests.

Vanquished Creatures
  An orc wizard (D:3)
  A worker ant (D:2)
  5 adders
  3 leopard geckos (D:3)
  2 orcs (D:3)
  3 giant cockroaches
  7 goblins
  A hobgoblin (D:1)
  A quokka (D:3)
  12 bats
  3 frilled lizards
  5 kobolds
  6 rats
50 creatures vanquished.

Vanquished Creatures (others)
  A wizard (D:3)
1 creature vanquished.

Grand Total: 51 creatures vanquished

Notes
Turn   | Place    | Note
-------+----------+-------------------------------------------
     0 | D:1      | Oravi the Merfolk Transmuter began the quest for the Orb.
     0 | D:1      | Reached XP level 1. HP: 15/15 MP: 3/3
   411 | D:1      | Reached XP level 2. HP: 21/21 MP: 3/5
   999 | D:2      | Reached XP level 3. HP: 26/26 MP: 6/6
  1003 | D:2      | Learned a level 2 spell: Sticks to Snakes
  1007 | D:2      | Learned a level 3 spell: Spider Form
  1215 | D:2      | Reached skill level 1 in Poison Magic
  1215 | D:2      | Reached XP level 4. HP: 26/32 MP: 4/7
  1729 | D:3      | Found a bloodstained altar of Trog.
  1824 | D:3      | Noticed a wizard
  1826 | D:3      | Killed a wizard
  1947 | D:3      | Reached XP level 5. HP: 37/37 MP: 8/8
  1970 | D:3      | Killed from afar by an orc priest

Skill      XL: |  1  2  3  4  5 |
---------------+----------------+-----
Transmutations | 3 4 |  4.8
Unarmed Combat | 4 |  4.7
Poison Magic   | 1 2 |  2.1
Fighting       | |  1.1
Dodging        | |  2.6
Spellcasting   | |  2.0

Action                   |  1- 3 |  4- 6 || total
-------------------------+-------+-------++-------
Melee: Unarmed           |    38 |    58 ||    96
       Headbutt          |     5 |     1 ||     6
Throw: Tomahawk          |    29 |    28 ||    57
       Stone             |       |     8 ||     8
 Cast: Beastly Appendage |     9 |     2 ||    11
       Spider Form       |     2 |     9 ||    11
 Abil: End Transformatio |       |     1 ||     1
  Use: Scroll            |       |     8 ||     8
 Stab: Sleeping          |       |     1 ||     1
  Eat: Chunk             |     1 |     4 ||     5
Armor: Robe              |    12 |     5 ||    17
       Skin              |       |     2 ||     2
Dodge: Dodged            |    41 |    67 ||   108
